 Dungeon Crawl Stone Soup version 0.20.1-1-g8b1a95d (webtiles) character file.

761 Lennu the Slasher (level 7, -2/54 HPs)
             Began as a Demonspawn Fighter on July 13, 2017.
             Slain by an ogre
             ... wielding a +0 giant spiked club
              (31 damage)
             ... on level 4 of the Dungeon.
             The game lasted 00:09:53 (4085 turns).

Lennu the Slasher (Demonspawn Fighter)              Turns: 4085, Time: 00:09:53

Health: -2/54      AC:  5    Str: 17    XL:     7   Next: 51%
Magic:  7/7        EV: 14    Int:  9    God:
Gold:   214        SH: 11    Dex: 19    Spells: 6/6 levels left

rFire    . . .     SeeInvis .   a - +1 long sword
rCold    . . .     Gourm    .   c - +1 shield
rNeg     . . .     Faith    .   e - +0 ring mail
rPois    .         Spirit   .   (no helmet)
rElec    .         Reflect  .   (no cloak)
rCorr    .         Harm     +   (no gloves)
MR       .....                  (no boots)
Stlth    ++........             k - amulet of harm
Regen    0.2/turn               (no ring)
MPRegen  0.1/turn               (no ring)

@: agile
A: powered by pain 1, spiny 1
a: no special abilities


You were on level 4 of the Dungeon.
You were not hungry.

You visited 1 branch of the dungeon, and saw 4 of its levels.

You collected 214 gold pieces.

Inventory:

Hand Weapons
 a - a +1 long sword (weapon)
Armour
 c - a +1 shield (worn)
 e - a +0 ring mail (worn)
Jewellery
 k - an amulet of harm (around neck)
Wands
 h - a wand of paralysis (11/24)
Scrolls
 b - 6 scrolls of teleportation
 d - 3 scrolls of identify
 j - a scroll of fear {unknown}
 o - a scroll of fog
 t - 2 scrolls of remove curse
Potions
 g - a potion of degeneration {unknown}
 l - a potion of magic
 m - a potion of berserk rage
 p - a potion of agility {unknown}
 q - a potion of brilliance {unknown}
 r - 2 potions of lignification {unknown}
 s - 2 potions of curing {unknown}
 u - a potion of heal wounds {unknown}
Comestibles
 f - 2 bread rations
 i - 2 fruits
 n - 3 royal jellies


   Skills:
 + Level 4.1 Fighting
 + Level 4.8 Long Blades
 + Level 4.3 Armour
 + Level 1.9 Dodging
 - Level 1.0 Stealth
 + Level 4.3 Shields


You had 6 spell levels left.
You didn't know any spells.

Dungeon Overview and Level Annotations

Branches:
Dungeon (4/15)
 Temple: D:4-7

Altars:


Innate Abilities, Weirdness & Mutations

You sometimes gain a little power by taking damage.
You are partially covered in sharp spines.


Message History

Ouch! That really hurt!
You focus on the pain.
You feel agile all of a sudden.
You barely miss the ogre.
The ogre is moderately wounded.
You hit the ogre but do no damage.
The ogre is moderately wounded.
You block the ogre's attack.
Your shield prevents you from hitting the ogre.
The ogre is moderately wounded.
You block the ogre's attack.
You barely miss the ogre.
The ogre is moderately wounded.
The ogre closely misses you.
Okay, then.
You hit the ogre but do no damage.
The ogre is moderately wounded.
The ogre hits you with a giant spiked club!!
Ouch! That really hurt!
You die...

.# #.#...........#
.###.#...........##
.....#.........#..###############
.#####.........#.>...............
.... .........##################
#### .........#########.#<......
........................... #
###############################
#.............@O......
#.#################### #.# #.#
#.# #.# # ###.# ....# #####


You could see an ogre.

Vanquished Creatures
  Grinder (D:3)
  Sigmund (D:3)
  The ghost of Sten the Cudgeler, an amateur DrBe of Trog (D:4)
  An orc priest (D:3)
  Ijyb (D:3)
  2 worker ants (D:4)
  7 adders
  An adder skeleton (D:4)
  3 worms
  2 dart slugs
  3 orcs
  10 bats
  5 giant cockroaches
  7 goblins
  10 hobgoblins
  7 jackals
  6 kobolds
  A quokka (D:2)
  A ball python (D:2)
  3 frilled lizards
  11 rats
84 creatures vanquished.

Notes
Turn   | Place    | Note
-------+----------+-------------------------------------------
     0 | D:1      | Lennu the Demonspawn Fighter began the quest for the Orb.
     0 | D:1      | Reached XP level 1. HP: 18/18 MP: 1/1
   126 | D:1      | You fall through a shaft!
   160 | D:2      | Gained mutation: You are partially covered in sharp spines. [demonic ancestry]
   160 | D:2      | Reached XP level 2. HP: 14/24 MP: 2/2
   373 | D:2      | Reached XP level 3. HP: 22/29 MP: 3/3
   935 | D:2      | Reached XP level 4. HP: 18/35 MP: 4/4
  1593 | D:2      | Reached skill level 1 in Dodging
  2061 | D:3      | Noticed Grinder
  2323 | D:3      | Noticed Ijyb
  2333 | D:3      | Killed Ijyb
  2548 | D:2      | Reached XP level 5. HP: 38/42 MP: 5/5
  2599 | D:3      | Paralysed by Grinder for 6 turns
  2610 | D:3      | Killed Grinder
  2610 | D:3      | Reached XP level 6. HP: 20/48 MP: 6/6
  2802 | D:3      | Noticed Sigmund
  2816 | D:3      | Killed Sigmund
  2816 | D:3      | Gained mutation: You sometimes gain a little power by taking damage. [demonic ancestry]
  2816 | D:3      | Reached XP level 7. HP: 37/54 MP: 7/7
  3508 | D:4      | Noticed Sten's ghost (amateur DrBe)
  3523 | D:4      | Killed Sten's ghost
  3523 | D:4      | Reached skill level 1 in Stealth
  4085 | D:4      | Slain by an ogre

Skill      XL: |  1  2  3  4  5  6  7 |
---------------+----------------------+-----
Long Blades    | 2 3 4 |  4.8
Armour         | 3 4 |  4.3
Shields        | 3 4 |  4.3
Dodging        | 1 |  1.9
Fighting       | 4 |  4.1
Stealth        | 1 |  1.0

Action                   |  1- 3 |  4- 6 |  7- 9 || total
-------------------------+-------+-------+-------++-------
Melee: Long sword        |    92 |    94 |    46 ||   232
  Use: Scroll            |       |     5 |     3 ||     8
       Potion            |       |     3 |     1 ||     4
 Stab: Sleeping          |       |       |     1 ||     1
  Eat: Chunk             |       |     3 |     2 ||     5
       Meat ration       |       |     1 |       ||     1
Armor: Scale mail        |     6 |       |       ||     6
       Ring mail         |    32 |    22 |     6 ||    60
Dodge: Dodged            |    23 |    35 |     7 ||    65
Block: Shield            |    67 |    55 |    22 ||   144
       Rpst.: Long sword |     6 |     9 |     1 ||    16
